 Dungeon Crawl Stone Soup version 0.17-a0-1115-g0372368 (webtiles) character file.

218 Gorice the Conjurer (level 5, -4/28 HPs)
             Began as a Deep Elf Wanderer on May 23, 2015.
             Slain by Grinder (10 damage)
             ... on level 4 of the Dungeon.
             The game lasted 00:20:26 (3983 turns).

Gorice the Conjurer (Deep Elf Wanderer)             Turns: 3983, Time: 00:20:26

Health: -4/28      AC:  4    Str:  8    XL:     5   Next: 63%
Magic:  7/11       EV: 11    Int: 17    God:
Gold:   58         SH:  0    Dex: 16    Spells: 3 memorised, 6 levels left

rFire  . . .     SeeInvis .     a - +2 quarterstaff
rCold  . . .     Clarity  .     u - +0 leather armour
rNeg   . . .     SustAt   .     (no shield)
rPois  .         Gourm    .     i - +0 helmet
rElec  .         Spirit   .     (no cloak)
rCorr  .         Warding  .     (no gloves)
rMut   .         Stasis   .     (no boots)
MR     .....                    (no amulet)
Stlth  +.........               (no ring)
                                (no ring)

@: not resistant to hostile enchantments, very unstealthy
A: no striking features
a: no special abilities


You were on level 4 of the Dungeon.
You were hungry.

You visited 1 branch of the dungeon, and saw 4 of its levels.

You collected 203 gold pieces.
You spent 145 gold pieces at shops.

Inventory:

Hand weapons
 a - a +2 quarterstaff (weapon)
 b - a +0 hunting sling
 p - a +2 vampiric short sword
   (You found it on level 3 of the Dungeon)
 v - a +2 short sword of venom
   (You took it off a kobold on level 4 of the Dungeon)
 B - a +0 blowgun
Missiles
 s - 14 poisoned needles
 Y - a throwing net
 Z - 88 stones (quivered)
Armour
 d - a +0 robe
 i - a +0 helmet (worn)
 k - a +0 ring mail
 u - a +0 leather armour (worn)
Magical devices
 w - a wand of random effects (43)
Scrolls
 f - 2 scrolls of teleportation {!r}
 m - 2 scrolls of recharging
 t - a scroll of enchant weapon
 x - a scroll of magic mapping {unknown}
Potions
 h - 2 potions of curing
 j - a potion of mutation {unknown}
 l - 2 potions of haste {unknown}
 o - a potion of ambrosia {unknown}
 q - 5 potions of agility {unknown}
Books
 c - the Collected Works on the Glacier

   Spells                             Type                      Level
   a - Freeze                         Ice                          1
   b - Throw Frost                    Conjuration/Ice              2
 n - a book of Conjurations
Comestibles
 e - 2 bread rations {!e}
 g - 2 fruits
 r - a meat ration {!e}


   Skills:
 - Level 4.3 Staves
 - Level 1.1 Throwing
 - Level 1.2 Dodging
   Level 1.0 Shields
 + Level 3.2 Spellcasting
 * Level 4.8 Conjurations
 + Level 2.5 Ice Magic


You had 6 spell levels left.
You knew the following spells:

 Your Spells              Type           Power        Failure   Level  Hunger
a - Magic Dart            Conj           ###.         3%          1    None
b - Freeze                Ice            ##..         12%         1    None
c - Searing Ray           Conj           ###...       6%          2    ##.....


Dungeon Overview and Level Annotations

Branches:
Dungeon (4/15)
 Temple: D:4-7

Altars:

Shops:
D:4 *

Annotations:
D:4 Grinder


Message History

Press: ? - help, v - describe, . - travel
Here: Grinder The floor.
You hit Grinder.
Grinder is lightly wounded.
Grinder barely misses you.
Casting: Magic Dart
Confirm with . or Enter, or press ? or * to list all spells.
Aiming: Searing Ray
Press: ? - help, Shift-Dir - straight line, f - Grinder
Aim: Grinder (lightly wounded)
The searing ray hits Grinder.
Grinder is lightly wounded.
Grinder gestures.
Grinder blinks!
Grinder gestures at you. You resist with significant effort.
Grinder says, "What is the universe for?"
You hit Grinder.
Grinder is lightly wounded.
Grinder gestures at you. You resist with significant effort.
You closely miss Grinder.
Grinder is lightly wounded.
Grinder hits you!
Damage: 10 (max 10)
You barely miss Grinder.
Grinder is lightly wounded.
Grinder barely misses you.
You hit Grinder.
Grinder is lightly wounded.
Grinder hits you!
You writhe in agony.
* * * LOW HITPOINT WARNING * * *
Damage: 11 (max 11)
You sock Grinder!
Grinder is moderately wounded.
Grinder says, "Don't move a muscle."
Grinder hits you.
* * * LOW HITPOINT WARNING * * *
You writhe in agony.
* * * LOW HITPOINT WARNING * * *
Damage: 5 (max 11) Drink which item? (? for menu, Esc to quit)
You feel better. Grinder hits you.
* * * LOW HITPOINT WARNING * * *
Damage: 1 (max 11) Unknown command.
Drink which item? (? for menu, Esc to quit)
You feel better. Grinder hits you!
You die...

##..........
#...#.......
#.##........ #
#.##.†...... #.
#.##.†...... ...
#.#......... ....
#.#......... ....
#.#5........ ....
#.#@........ ....
#.#......... .....
#........... ......
##.......... .......
#...........>......
##.................
##.................
#..................
##..................


You could see Grinder.

Vanquished Creatures
  2 hounds (D:4)
  A giant frog skeleton (D:4)
  5 adders
  A worm (D:4)
  5 giant geckos
  2 orcs
  3 ball pythons
  6 bats
  A bat skeleton (D:4)
  5 giant cockroaches
  11 goblins
  5 hobgoblins
  10 jackals
  11 kobolds
  A quokka (D:4)
  4 giant newts
  11 rats
84 creatures vanquished.

Notes
Turn   | Place    | Note
--------------------------------------------------------------
     0 | D:1      | Gorice the Deep Elf Wanderer began the quest for the Orb.
     0 | D:1      | Gorice set off with: a book of Conjurations, a +0 quarterstaff, the Collected Works on the Glacier, a +0 robe, a bread ration {!e}
     0 | D:1      | Reached XP level 1. HP: 10/10 MP: 3/3
     0 | D:1      | Identified the Collected Works on the Glacier
   437 | D:1      | Learned a level 1 spell: Magic Dart
   438 | D:1      | Reached XP level 2. HP: 10/15 MP: 3/5
   441 | D:1      | Learned a level 1 spell: Freeze
   451 | D:1      | Reached skill level 1 in Spellcasting
   618 | D:1      | HP: 4/15 [rat (3)]
  1019 | D:1      | Reached skill level 3 in Conjurations
  1042 | D:1      | Reached XP level 3. HP: 11/19 MP: 2/7
  1104 | D:1      | HP: 4/19 [jackal (3)]
  1580 | D:1      | Learned a level 2 spell: Searing Ray
  1633 | D:2      | Reached skill level 2 in Spellcasting
  2145 | D:2      | Reached XP level 4. HP: 24/24 MP: 7/9
  2829 | D:3      | Reached skill level 4 in Conjurations
  3271 | D:4      | Reached skill level 2 in Ice Magic
  3375 | D:4      | Reached XP level 5. HP: 26/28 MP: 5/11
  3477 | D:4      | Noticed Grinder
  3640 | D:4      | Reached skill level 3 in Spellcasting
  3643 | D:4      | Found Nezuudeji's Assorted Antiques.
  3646 | D:4      | Bought a bronze wand for 116 gold pieces
  3646 | D:4      | Bought a scroll labeled VIGIANKEMEI for 29 gold pieces
  3890 | D:4      | Paralysed by Grinder for 4 turns
  3900 | D:4      | Paralysed by Grinder for 2 turns
  3912 | D:4      | Paralysed by Grinder for 4 turns
  3980 | D:4      | HP: 7/28 [Grinder (4)]
  3981 | D:4      | HP: 2/28 [Grinder (3)]
  3983 | D:4      | Slain by Grinder

Vault maps used:
D:1:      arrival_zaba_pyramid
D:3:      minmay_strange_pillars, minmay_misc_feat_five, bh_walls_and_bars
D:4:      serial_shops, kennysheep_mini_moat, first_bread, uniq_grinder

Action                   |  1- 3 |  4- 6 || total
-------------------------+-------+-------++-------
Melee: Quarterstaff      |    61 |    37 ||    98
Throw: Stone             |     3 |       ||     3
 Cast: Magic Dart        |    36 |    65 ||   101
       Freeze            |    19 |    11 ||    30
       Searing Ray       |       |     2 ||     2
  Use: Scroll            |     6 |     4 ||    10
       Potion            |       |     2 ||     2
 Stab: Sleeping          |       |     1 ||     1
  Eat: Chunk             |     5 |     6 ||    11

Table legend:
 A = Turns spent in this place as a percentage of turns spent in the entire game.
 B = Non-inter-level travel turns spent in this place as a percentage of non-inter-level travel turns spent in the entire game.
 C = Inter-level travel turns spent in this place as a percentage of turns spent in this place.
 D = Turns resting spent in this place as a percentage of non-inter-level travel turns spent in this place.
 E = Turns spent auto-exploring this place as a percentage of non-inter-level travel turns spent in this place.
 F = Non-inter-level travel turns spent in this place divided by the number of levels of this place that you've seen.
                   A       B       C       D       E      F
               +-------+-------+-------+-------+-------+----------------------
         Total | 100.0 | 100.0 |   0.5 |   4.0 |   7.0 | 278.0
       Dungeon | 100.0 | 100.0 |   0.5 |   4.0 |   7.0 | 278.0
               +-------+-------+-------+-------+-------+----------------------

Vault maps used:
D:1:      arrival_zaba_pyramid
D:3:      minmay_strange_pillars, minmay_misc_feat_five, bh_walls_and_bars
D:4:      serial_shops, kennysheep_mini_moat, first_bread, uniq_grinder
